AoeStats
← blb_00

Arabia

510371277Analyzed
1v1 RM · 1d ago on Sep 30, 2026· 38m 53s· 2 players
Game mode
Random Map
Map size
Tiny (2 player)
Population
200
Speed
Normal
Resources
Standard
Victory
Conquest
Starting age
Dark Age
Ending age
Imperial Age
RankedLock teamsTeams togetherTeam positionsShared explorationLock speedFull tech treeHidden civsTurbo modeCheats
Victory
Defeat
🇪🇸 Vikings · Spain
749
+16
🇵🇪 Inca · Peru
743
-16
nor29
3:07 Loom
10:05 Feudal Age
10:36 Horse Collar
11:19 Champi Runner
14:42 Double-Bit Axe
21:59 Castle Age
21:34 Fletching
21:55 Forging
22:26 Champi Warrior
23:25 Bow Saw
27:56 Wheelbarrow
28:35 Padded Archer Armor
28:51 Heavy Plow
31:40 Iron Casting
31:58 Scale Mail Armor
33:20 Chain Mail Armor
36:07 Imperial Age
36:55 Pikeman
blb_00
0:57 Loom
12:08 Feudal Age
12:43 Horse Collar
20:49 Double-Bit Axe
22:21 Gold Mining
22:23 Stone Mining
25:27 Castle Age
29:07 Scale Barding Armor
30:33 Forging
32:41 Gold Shaft Mining
32:09 Heavy Plow
32:22 Bow Saw
32:19 Elite Skirmisher
38:52 Chain Barding Armor
39:07 Iron Casting
Connection lost

Rejoining the realm…

Still unreachable

The connection could not be restored.

Session expired

The server has moved on; the page needs a fresh start.